 BcadrenCrawl: Boulder Brew version 0.04.2-10-g17648f679b (webtiles) character file.

Game seed: 10200132897731484192, levelgen mode: deterministic

70 diana the Skirmisher (level 4, 0/42 HPs) Immature Draconian Gladiator. Began on May 1, 2021. Slain by a shadow (34 damage) ... on level 2 of the Dungeon. The game lasted 00:01:34 (868 turns).

diana the Skirmisher (Immature Draconian Gladiator)  Turns: 868, Time: 00:01:35

Health: 0/42       AC:  6    Str: 17    XL:     4 ^: 96
Magic:  5/5        EV: 13    Int:  8    God:
Gold:   101        SH:  0    Dex: 13    Spells: 3/3 levels left

rFire    . . .     Vision   .   a - +0 war axe
rCold    . . .     Gourm    .   (no weapon)
rNeg     . . .     Faith    .   (armour unavailable)
rPois    .         Spirit   .   b - +0 hat
rElec    .         Reflect  .   (no cloak)
rCorr    .         Harm     .   (no gloves)
MR       .....                  (no boots)
Stlth    +.........             (no amulet)
HPRegen  0.24/turn              (no ring)
MPRegen  0.15/turn              (no ring)

@: no status effects
A: no body armour, unfitting armour, cold-blooded, AC +6
a: Breathe Dart


You were on level 2 of the Dungeon.
You were not hungry.

You visited 1 branch of the dungeon, and saw 2 of its levels.

You collected 101 gold pieces.

Inventory:

Weapons
 a - a +0 war axe (weapon)
Armour
 b - a +0 hat (worn)
Jewellery
 h - a cursed amulet of harm {(Curse: MR-)}
Wands
 c - a wand of ensnaring (9)
Scrolls
 e - a scroll of enchantment
Potions
 f - a potion of heal wounds
 g - a potion of curing
Comestibles
 d - 2 rations


   Skills:
 + Level 5.3 Fighting
 - Level 2.4 Axes & Hammers
 - Level 2.4 Dodging
 - Level 2.0 Evocations


You had 3 spell levels left.
You didn't know any spells.
Your spell library was empty.

Dungeon Overview and Level Annotations

Branches:
Dungeon (2/8)

Altars:


Innate Abilities, Weirdness & Mutations

You cannot fit into any form of body armour.
Your plain brown scales are resilient. (AC +6)
You can breathe rudimentary magical darts.
You are cold-blooded and may be slowed by cold attacks.


Message History

You closely miss the shadow. You hit the shadow but do no damage.
You tail-slap the shadow, but do no damage.
The shadow is undamaged. (23/23) HP The shadow hits you (1).
You hit the shadow (6). You hit the shadow (1).
The shadow is moderately damaged. (16/23) HP The shadow hits you (5).
You hit the shadow (5). You barely miss the shadow.
You tail-slap the shadow, but do no damage.
The shadow is heavily damaged. (11/23) HP The shadow hits you (3).
The shadow barely misses you (0).
The shadow slips into darkness.
The shadow flickers and vanishes!
Deactivating autopickup; reactivate with Ctrl-A.
You slash the shadow (7)! You barely miss something. You hit the shadow (2).
The shadow is almost destroyed. (2/23) HP The shadow closely misses you (0).
The shadow strikes at you from the darkness!
Ouch! That really hurt!
You die...

.....##.≈≈≈≈≈#
#>≈≈≈≈≈≈
#≈.≈###.≈≈≈≈≈.
#≈≈≈≈≈≈≈ #####
#≈≈≈≈≈≈≈ ##+#
#≈≈≈≈≈≈≈ #≈.? ###
#≈≈≈≈≈≈≈ #≈.≈ ≈$#
#≈≈≈≈≈≈≈ #..≈##
.W.# #≈≈≈≈≈≈≈
#.≈..#WSl #≈≈≈≈≈≈≈
#..@W## #≈≈≈≈≈≈≈
#...{### #≈≈≈≈≈≈≈
##.....####
#≈≈≈≈≈≈≈
##....≈..###≈≈≈≈≈≈≈
##≈≈....'≈#≈≈≈≈≈≈≈
###.≈..#..≈≈≈≈≈≈≈
########≈≈≈≈≈≈≈
#≈≈≈≈≈≈≈ #≈≈≈≈≈≈≈


You could see a shadow.

Vanquished Creatures
  A giant cockroach (D:1)
  A gnoll (D:1)
  2 oozes
  A leopard gecko (D:1)
  2 ball pythons (D:2)
  4 bats
  10 goblins (D:1)
  5 hobgoblins (D:1)
  5 kobolds (D:1)
  A ball python skeleton (D:2)
  5 rats (D:1)
  21 withered plants (D:2)
58 creatures vanquished.

Vanquished Creatures (others)
  A giant cockroach (D:2)
  A hobgoblin (D:1)
  A kobold (D:1)
  A ball python (D:2)
  A giant blowfly (D:2)
  10 withered plants (D:2)
15 creatures vanquished.

Grand Total: 73 creatures vanquished

Notes
Turn   | Place    | Note
-------+----------+-------------------------------------------
     0 | D:1      | diana the Immature Draconian Gladiator began the quest for
                  | the Orb.
     0 | D:1      | Reached XP level 1. HP: 18/18 MP: 2/2
    22 | D:1      | Reached skill level 3 in Fighting
    22 | D:1      | Reached XP level 2. HP: 15/26 MP: 3/3
   213 | D:1      | Reached skill level 4 in Fighting
   359 | D:1      | Reached XP level 3. HP: 33/33 MP: 4/4
   418 | D:1      | Reached skill level 5 in Fighting
   808 | D:2      | Reached XP level 4. HP: 40/42 MP: 5/5
   863 | D:2      | Noticed a shadow
   863 | D:2      | Noticed a shadow
   868 | D:2      | Slain by a shadow

Levels and vault maps discovered:
D:1:      dpeg_arrival_pits, layout_loops_ring, lemuel_flame_loot_1
D:2:      layout_sewer, chequers_serial_rivers_micro_d, lightli_corner_chamber,
          uniq_ijyb

Skill      XL: |  1  2  3 |
---------------+----------+-----
Fighting       | 3 4 5 |  5.3
Axes & Hammers | |  2.4
Dodging        | |  2.4
Evocations     | |  2.0

Action                   |  1- 3 |  4- 6 || total
-------------------------+-------+-------++-------
Melee: War axe           |    42 |    21 ||    63
       Unarmed           |    13 |     8 ||    21
       Tailslap          |       |     2 ||     2
 Stab: Sleeping          |     1 |       ||     1
Armor: Skin              |     8 |       ||     8
Dodge: Dodged            |    21 |     4 ||    25
